 Dungeon Crawl Stone Soup version 0.20-a0-739-g6bb112f (webtiles) character file.

3673 polly the Grappler (level 9, -10/64 HPs)
             Began as a Demonspawn Gladiator on Feb 25, 2017.
             Was an Elder of Okawaru.
             Mangled by an orc knight
             ... wielding a +0 trident
              (26 damage)
             ... in a bailey.
             The game lasted 00:11:53 (7617 turns).

polly the Grappler (Demonspawn Gladiator)           Turns: 7617, Time: 00:11:53

Health: -10/64     AC: 14    Str: 17    XL:     9   Next: 89%
Magic:  9/9        EV: 13    Int: 15    God:    Okawaru [****..]
Gold:   325        SH:  0    Dex: 14    Spells: 8/8 levels left

rFire    + . .     SeeInvis .     - Unarmed
rCold    . . .     Gourm    .   a - quicksilver dragon scales
rNeg     . . .     Faith    .   (no shield)
rPois    .         Spirit   .   c - +0 helmet
rElec    .         Reflect  .   (no cloak)
rCorr    .         Harm     .   (no gloves)
MR       +....                  (no boots)
Stlth    ++........             (no amulet)
Regen    0.2/turn               (no ring)
MPRegen  0.2/turn               t - +4 ring of intelligence

@: no status effects
A: claws 2, molten scales 2, fire resistance 1
a: Heroism, Renounce Religion


You were in a bailey.
You worshipped Okawaru.
Okawaru was greatly pleased with you.
You were very hungry.

You visited 1 branch of the dungeon, and saw 7 of its levels.
You also visited: Bailey.

You collected 325 gold pieces.

Inventory:

Armour
 a - quicksilver dragon scales (worn)
 c - a +0 helmet (worn)
 i - +0 gold dragon scales
 y - the +2 pair of boots of the Assassin {Detection Stab+ Stlth++}
   (You found it in a bailey)

   It makes you much more stealthy.
Jewellery
 t - a +4 ring of intelligence (left claw)
Wands
 z - a wand of disintegration (4/24)
Scrolls
 d - 4 scrolls of enchant weapon {unknown}
 e - a scroll of magic mapping {unknown}
 l - 4 scrolls of teleportation
 o - 2 scrolls of immolation {unknown}
 p - 3 scrolls of remove curse {unknown}
 q - a scroll of noise {unknown}
 s - 2 scrolls of fog {unknown}
 w - a scroll of blinking {unknown}
Potions
 b - a potion of haste {unknown}
 g - a potion of flight {unknown}
 h - 2 potions of magic
 j - 2 potions of curing
 m - 2 potions of mutation
 n - a potion of might
 r - a potion of agility {unknown}
 u - a potion of berserk rage {unknown}
 v - a potion of heal wounds
Comestibles
 f - 10 bread rations
 k - 5 meat rations
 x - 2 royal jellies


   Skills:
 + Level 3.6 Fighting
   Level 3.9 Long Blades
 + Level 2.3 Throwing
 + Level 3.6 Armour
 + Level 4.7 Dodging
 + Level 3.5 Stealth
 * Level 10.2 Unarmed Combat
 + Level 0.4 Evocations


You had 8 spell levels left.
You didn't know any spells.

Dungeon Overview and Level Annotations

Branches:
Dungeon (7/15)             Temple (0/1) D:6

Altars:
Fedhas
Okawaru
Ru
Sif Muna
Uskayaw

Shops:
D:4 ?   D:6 [


Innate Abilities, Weirdness & Mutations

You have very sharp fingernails.
You are mostly covered in molten scales. (AC +3)
Your flesh is heat resistant. (rF+)


Message History

The orc warrior shouts!
The orc knight roars a battlecry!
The orcs go into a battle-frenzy!
The orc knight roars a battlecry!
The orc knight goes into a battle-frenzy!
The orc warrior closely misses you.
The orc warrior hits you from afar with a trident!
The orc warrior misses you. The orc warrior misses you.
The orc knight hits you from afar with a trident!!
Ouch! That really hurt!
* * * LOW HITPOINT WARNING * * *
Okay, then.
You feel much better.
The orc warrior hits you from afar with a halberd!!
The orc knight closely misses you.
The orc warrior hits you from afar with a halberd.
* * * LOW HITPOINT WARNING * * *
The orc knight hits you from afar with a trident!!
You die...

#.≈.########## ##+###'#########.≈
#.≈.## ##.........##.....##)≈
#.≈..## +#..§≈≈≈≈≈≈§.##...##..≈
#.≈≈..## ##..≈≈.....≈≈§.##.##).≈≈
##.≈≈..# #..≈≈..⌠⌠⌠..§§..#'#..≈≈.
#∩.≈≈..# #..≈≈..o⌠...≈≈..#'#..≈≈.
#.≈≈..## #..≈§ooo..≈≈..##)##..≈≈
#.≈..## #..≈≈≈≈≈§≈..#'...##).≈
#.≈.##.$$ #..§@.....##.....##.≈
#.≈)##### #####'#############.≈
#.≈.(##### #.....##..........≈
#.≈≈≈≈≈≈≈#######.).##..≈≈≈≈≈≈≈≈≈≈
#.........##.).##.##..≈≈.........
########.##..≈))###..≈≈..########
####...##...≈≈)....≈≈..##
##∩..#######..≈≈≈≈≈≈≈..## #∩####
##.........##


You could see 2 orc knights and 2 orc warriors.

Vanquished Creatures
  A two-headed ogre (D:7)
  An orc knight (Bailey)
  The ghost of polly the Gusty, a novice DrAE of Kikubaaqudgha (D:6)
  Edmund (D:4)
  An ice beast (D:7)
  2 sky beasts (D:6)
  2 orc warriors (Bailey)
  A phantom (D:4)
  4 ogres
  2 centaurs
  A big kobold (D:7)
  A water moccasin skeleton (D:7)
  2 scorpions
  4 crimson imps
  2 jellies
  3 orc priests
  2 hounds
  Jessica (D:2)
  An iguana (D:6)
  2 orc wizards
  4 worker ants
  A hound zombie (D:6)
  3 hound skeletons
  Robin (D:1)
  5 gnolls
  13 adders
  2 shadow imps
  An ooze (D:7)
  3 worms
  A dart slug (D:1)
  3 leopard geckos (D:2)
  28 orcs
  2 ball pythons
  4 bats (D:3)
  4 giant cockroaches
  28 goblins
  12 hobgoblins
  3 jackals (D:5)
  4 quokkas
  7 frilled lizards
  A jackal skeleton (D:4)
  13 kobolds
  A leopard gecko skeleton (D:7)
  5 rats
184 creatures vanquished.

Notes
Turn   | Place    | Note
-------+----------+-------------------------------------------
     0 | D:1      | polly the Demonspawn Gladiator began the quest for the Orb.
     0 | D:1      | Reached XP level 1. HP: 16/16 MP: 1/1
   279 | D:1      | Gained mutation: You are partially covered in molten scales. (AC +2) [demonic ancestry]
   279 | D:1      | Reached XP level 2. HP: 19/22 MP: 2/2
   674 | D:1      | Reached XP level 3. HP: 20/27 MP: 3/3
  1329 | D:2      | Noticed Robin
  1332 | D:2      | Reached XP level 4. HP: 26/34 MP: 4/4
  1345 | D:1      | Killed Robin
  1595 | D:2      | Reached skill level 1 in Armour
  1619 | D:2      | Noticed Jessica
  1621 | D:2      | Killed Jessica
  1935 | D:2      | Gained mutation: You have sharp fingernails. [demonic ancestry]
  1935 | D:2      | Reached XP level 5. HP: 33/39 MP: 5/5
  2089 | D:2      | Reached skill level 1 in Stealth
  2715 | D:3      | Reached skill level 1 in Unarmed Combat
  3098 | D:3      | Found a hide-covered altar of Uskayaw.
  3534 | D:3      | Found an iron altar of Okawaru.
  3556 | D:3      | Reached skill level 2 in Unarmed Combat
  3556 | D:3      | Gained mutation: You have very sharp fingernails. [demonic ancestry]
  3556 | D:3      | Reached XP level 6. HP: 34/46 MP: 6/6
  3570 | D:3      | Became a worshipper of Warmaster Okawaru
  3879 | D:4      | Found a deep blue altar of Sif Muna.
  3947 | D:4      | Reached skill level 3 in Unarmed Combat
  4024 | D:4      | Found Xifoag's Magic Scroll Boutique.
  4030 | D:4      | Noticed Edmund
  4053 | D:4      | Killed Edmund
  4053 | D:4      | Reached * piety under Okawaru
  4053 | D:4      | Gained mutation: You are mostly covered in molten scales. (AC +3) [demonic ancestry]
  4053 | D:4      | Reached XP level 7. HP: 12/52 MP: 7/7
  4354 | D:4      | Reached skill level 4 in Unarmed Combat
  4667 | D:4      | Found a blossoming altar of Fedhas.
  4760 | D:5      | Entered Level 5 of the Dungeon
  4985 | D:5      | Found a sacrificial altar of Ru.
  5184 | D:5      | Reached skill level 5 in Unarmed Combat
  5272 | D:5      | Reached ** piety under Okawaru
  5434 | D:5      | Reached XP level 8. HP: 46/58 MP: 8/8
  5642 | D:6      | Reached skill level 6 in Unarmed Combat
  5707 | D:6      | Found Sauryifiak's Armour Boutique.
  5927 | D:6      | Found a staircase to the Ecumenical Temple.
  5965 | D:6      | Noticed polly's ghost (novice DrAE)
  5982 | D:6      | Killed polly's ghost
  5982 | D:6      | Reached skill level 7 in Unarmed Combat
  6328 | D:6      | Reached skill level 8 in Unarmed Combat
  6548 | D:7      | Gained mutation: Your flesh is heat resistant. (rF+) [demonic ancestry]
  6548 | D:7      | Reached XP level 9. HP: 64/64 MP: 9/9
  6614 | D:7      | Noticed a two-headed ogre
  6659 | D:7      | Killed a two-headed ogre
  6659 | D:7      | Reached *** piety under Okawaru
  6659 | D:7      | Reached skill level 9 in Unarmed Combat
  6910 | D:7      | Found a flagged portal.
  6923 | Bailey   | Entered a bailey
  7093 | Bailey   | Noticed an orc knight
  7106 | Bailey   | Noticed an orc knight
  7195 | Bailey   | Noticed an orc knight
  7213 | Bailey   | Killed an orc knight
  7213 | Bailey   | Reached **** piety under Okawaru
  7213 | Bailey   | Reached skill level 10 in Unarmed Combat
  7617 | Bailey   | Mangled by an orc knight

Vault maps used:
D:1:      erik_arrival_cave_to_civilisation, kennysheep_boxes
D:2:      kennysheep_the_goblin_king, amethyst_killhole, uniq_robin,
          uniq_jessica
D:3:      old_standard_altar, first_bread, nrook_mini_backslash,
          okawaru_altar_gauntlet_db
D:4:      kennysheep_mini_moat, lemuel_blue_sif_altar, serial_shops,
          nicolae_shop_waterfront, uniq_edmund
D:5:      lemuel_doored_altar, kennysheep_generic_room_13
D:6:      minmay_temple_entry_purple_smoke, serial_shops, shop_fountains
D:7:      cheibriados_altar_1, enter_bailey_3, grunt_ogre_cave
Bailey:   bailey_polearm_1, bailey

Skill      XL: |  1  2  3  4  5  6  7  8  9 |
---------------+----------------------------+-----
Long Blades    | 3 |  3.9
Throwing       | 2 |  2.3
Dodging        | 3 4 |  4.7
Armour         | 1 2 3 |  3.6
Stealth        | 1 2 3 |  3.5
Unarmed Combat | 2 3 5 8 10 | 10.2
Fighting       | 3 |  3.6
Evocations     | |  0.4

Action                   |  1- 3 |  4- 6 |  7- 9 || total
-------------------------+-------+-------+-------++-------
Melee: Long sword        |   104 |    41 |       ||   145
       Unarmed           |       |   238 |   290 ||   528
       Punch             |       |       |    11 ||    11
Throw: Throwing net      |       |     6 |     2 ||     8
       Javelin           |       |       |     8 ||     8
Evoke: Wand              |       |       |     5 ||     5
  Use: Scroll            |       |       |     6 ||     6
       Potion            |       |       |     3 ||     3
 Stab: Sleeping          |     2 |     2 |     3 ||     7
       Held in net/web   |       |     3 |     2 ||     5
       Distracted        |       |       |     1 ||     1
  Eat: Chunk             |     2 |     4 |    10 ||    16
       Meat ration       |       |     1 |       ||     1
Armor: Leather armour    |    27 |    39 |       ||    66
       Quicksilver drago |       |    78 |   135 ||   213
Dodge: Dodged            |    89 |   239 |   226 ||   554
       Rpst.: Long sword |    24 |     9 |       ||    33
